 Dungeon Crawl Stone Soup version 0.19-a0-1002-g674d22e (webtiles) character file.

12504 4thArraOfDagon the Fighter (level 11, 0/90 HPs)
             Began as a Mummy Arcane Marksman on July 18, 2016.
             Was an Initiate of Gozag.
             Slain by Urug
             ... wielding a +0 double sword
              (26 damage)
             ... on level 11 of the Dungeon.
             The game lasted 00:39:28 (10631 turns).

4thArraOfDagon the Fighter (Mummy Arcane Marksman) Turns: 10631, Time: 00:39:28

Health: 0/90       AC: 13    Str: 19    XL:     11   Next: 63%
Magic:  14/15      EV: 15    Int: 15    God:    Gozag
Gold:   832        SH:  0    Dex: 11    Spells: 5 memorised, 7 levels left

rFire  . . .     SeeInvis .     P - +6 battleaxe of Accord {vamp, Str+3}
rCold  + . .     Gourm    .     v - +0 ring mail {rF+}
rNeg   + + +     Faith    .     (shield currently unavailable)
rPois  ∞         Spirit   .     H - +0 helmet
rElec  .         Dismiss  .     n - +0 cloak
rCorr  .         Reflect  .     i - +1 pair of gloves
SustAt .         Harm     +     o - +0 pair of boots
MR     +....                    B - amulet of harm
Stlth  +.........               R - +4 ring of evasion
                                j - +3 ring of slaying

@: repel missiles, somewhat resistant to hostile enchantments, very unstealthy
A: no food or potions, fire vulnerability, cold resistance 1, negative energy
resistance 3, torment resistance, unbreathing
a: Potion Petition, Call Merchant, Bribe Branch, Renounce Religion


You were on level 11 of the Dungeon.
You worshipped Gozag.
Gozag was pleased with you.
You were not hungry.

You visited 3 branches of the dungeon, and saw 15 of its levels.
You also visited: Labyrinth.

You collected 2199 gold pieces.
You spent 488 gold pieces at shops.
You paid 879 gold pieces to Gozag.

Inventory:

Hand Weapons
 a - a +0 hand crossbow of flaming
 h - the +6 war axe of Accidental Termination {freeze, rPois Str+9 Int-2}
   (You found it in a labyrinth)

   It has been specially enchanted to freeze those struck by it, causing extra
   injury to most foes and up to half again as much damage against particularly
   susceptible opponents.
   It can also slow down cold-blooded creatures.
   It affects your strength (+9).
   It affects your intelligence (-2).
   It protects you from poison.
 x - a +0 blowgun
 P - the +6 battleaxe of Accord (weapon) {vamp, Str+3}
   (You bought it in a shop on level 8 of the Dungeon)

   It inflicts no extra harm, but heals its wielder somewhat when it strikes a
   living foe.
   It affects your strength (+3).
 W - a +0 blowgun
Missiles
 d - 26 bolts
Armour
 e - a +0 robe
 g - a +0 ring mail
 i - a +1 pair of gloves (worn)
 l - a +0 chain mail
 n - a +0 cloak (worn)
 o - a +0 pair of boots (worn)
 p - the +0 robe "Buclaot" {*Confuse rElec rC+ Slay+3}
   (You found it on level 11 of the Dungeon)

   It affects your accuracy and damage with ranged weapons and melee attacks
   (+3).
   It protects you from cold.
   It insulates you from electricity.
   It may confuse you when you take damage.
 t - a +0 plate armour
 v - a +0 ring mail of fire resistance (worn)
 D - a +1 ring mail of magic resistance
 G - a +0 shield
 H - a +0 helmet (worn)
Rods
 A - a +2 rod of shadows (12/12)
   (You found it in a labyrinth)
 L - a +4 iron rod (10/10)
   (You found it in a labyrinth)
Jewellery
 b - an uncursed ring of see invisible
 j - a +3 ring of slaying (left hand)
 k - an uncursed amulet of guardian spirit
 m - a +3 ring of protection
 B - an amulet of harm (around neck)
 M - a +1 ring of protection
 R - a +4 ring of evasion (right hand)
 T - an uncursed ring of wizardry
Wands
 f - a wand of paralysis (6/24)
 q - a wand of confusion (0/48)
 r - a wand of disintegration (0/24)
 s - a wand of enslavement (0/24)
 u - a wand of slowing (28/48)
 w - a wand of iceblast (1/15)
 z - a wand of flame (0/48)
 C - a wand of flame (24/48)
 I - a wand of iceblast (3/15)
 N - a wand of lightning (2/15)
 U - a wand of random effects (34/48)
 V - a wand of acid (6/15)
Scrolls
 y - 5 scrolls of remove curse
 E - a scroll of noise
 F - a scroll of teleportation
 K - a scroll of enchant armour
 O - 2 scrolls of amnesia
 Q - a scroll of enchant weapon
 Z - 3 scrolls of blinking
Books
 c - a book of Debilitation

   Spells                             Type                      Level
   a - Corona                         Hexes                        1
   b - Slow                           Hexes                        2
   c - Gell's Gravitas                Hexes/Translocation          3
   d - Inner Flame                    Hexes/Fire                   3
   e - Cause Fear                     Hexes                        4
   f - Leda's Liquefaction            Hexes/Earth                  4
 S - a book of Minor Magic

   Spells                             Type                      Level
   a - Magic Dart                     Conjuration                  1
   b - Blink                          Translocation                2
   c - Call Imp                       Summoning                    2
   d - Repel Missiles                 Charms/Air                   2
   e - Slow                           Hexes                        2
   f - Conjure Flame                  Conjuration/Fire             3
   g - Mephitic Cloud                 Conjuration/Poison/Air       3
 X - the Grimoire of Darkness
   (You found it in a labyrinth)

   Spells                             Type                      Level
   a - Vampiric Draining              Necromancy                   3
   b - Death Channel                  Necromancy                   6
 Y - a book of Flames

   Spells                             Type                      Level
   a - Flame Tongue                   Conjuration/Fire             1
   b - Throw Flame                    Conjuration/Fire             2
   c - Conjure Flame                  Conjuration/Fire             3
   d - Inner Flame                    Hexes/Fire                   3
   e - Sticky Flame                   Conjuration/Fire             4
   f - Fireball                       Conjuration/Fire             5


   Skills:
 - Level 10.0 Fighting
 * Level 6.9 Axes
 - Level 5.1 Crossbows
 - Level 8.4 Armour
 - Level 1.5 Dodging
 - Level 3.2 Spellcasting
 - Level 2.6 Hexes
 - Level 2.2 Charms
 - Level 4.2 Translocations


You had 7 spell levels left.
You knew the following spells:

 Your Spells              Type           Power        Failure   Level  Hunger
a - Corona                Hex            ##.....      14%         1    N/A
b - Slow                  Hex            ##......     21%         2    N/A
c - Blink                 Tloc           N/A          10%         2    N/A
d - Repel Missiles        Chrm/Air       #.....       34%         2    N/A
e - Passwall              Tmut/Erth      #.........   54%         2    N/A

Dungeon Overview and Level Annotations

Branches:
Dungeon (13/15)            Temple (1/1) D:5            Lair (0/6) D:8
    Orc (1/2) D:11
 Vaults: D:13-14

Altars:
Ashenzari
Cheibriados
Dithmenos
Elyvilon
Fedhas
Gozag
Hepliaklqana
Kikubaaqudgha
Makhleb
Nemelex Xobeh
Okawaru
Pakellas
Qazlal
Ru
Sif Muna
Trog
Uskayaw
Vehumet
Xom
Yredelemnul
The Shining One

Shops:
D:6 [   D:8 (   D:9 *

Annotations:
D:9 Fannar
D:10 exclusion: upstairs
D:11 Urug


Innate Abilities, Weirdness & Mutations

You do not eat or drink.
Your flesh is vulnerable to fire.
You are immune to poison.
Your flesh is cold resistant. (rC+)
You are immune to negative energy. (rN+++)
You are immune to unholy pain and torment.
You can survive without breathing.


Message History

Urug hits you with a double sword!
The orc warrior hits you but does no damage.
Unknown command.
The orc warrior hits you with a flail! Urug misses you.
You climb upwards.
Welcome back to the Dungeon!
There is a staircase to the Orcish Mines here.
Unknown command.
Unknown command.
Unknown command.
Unknown command.
The orc warrior hits you with a flail!
* * * LOW HITPOINT WARNING * * *
Unknown command.
Unknown command.
Unknown command.
Unknown command.
Unknown command.
Urug hits you with a double sword!!
You die...
Your body crumbles into a pile of gold.

..........#########.#
....................#
....................#
.....#####..........#
###..# #..#######.#
#..# #..# #.#
###..#####..# #(#
............#######.#
................@oo>#
######..###########.#
#..###########.#
######...(..........#
......(.............#
.%....#############.#
####..#############)#
####................#
.......%............#


You could see Urug and an orc warrior.

Vanquished Creatures
  A centaur warrior (D:12)
  An unseen horror (D:11)
  2 hill giants
  An ugly thing (D:10)
  A gargoyle (D:12)
  A tengu conjurer (D:12)
  A troll (D:9)
  A two-headed ogre (D:11)
  Prince Ribbit (D:6)
  2 shadows
  3 orc warriors
  7 yaks (D:8)
  A vampire mosquito (D:12)
  A hippogriff (D:11)
  Duvessa (D:5)
  8 sky beasts
  4 black bears
  2 ice beasts
  7 ogres
  4 phantoms
  8 centaurs
  A big kobold (D:10)
  8 giant frogs
  A water moccasin zombie (D:5)
  Dowan (D:5)
  4 scorpions
  9 killer bees
  4 wights (D:8)
  3 howler monkeys
  6 crimson imps
  2 giant frog zombies
  2 wasp zombies (D:7)
  3 hounds
  2 quasits
  4 centaur skeletons
  5 orc priests
  5 jellies
  3 orc wizards
  A gnoll shaman (D:8)
  6 iguanas
  4 giant frog skeletons
  Ijyb (D:3)
  Terence (D:3)
  10 worker ants
  A killer bee zombie (D:7)
  2 hound skeletons
  A howler monkey zombie (D:6)
  Robin (D:3)
  5 gnolls
  17 adders
  A shadow imp (D:11)
  2 adder skeletons
  4 worms
  3 dart slugs
  9 giant geckos
  35 orcs
  A ball python (D:3)
  6 giant cockroaches
  16 goblins
  8 hobgoblins
  9 jackals
  5 quokkas
  7 bats
  A giant gecko skeleton (D:6)
  7 giant newts
  2 jackal zombies
  5 kobolds
  9 rats
  A plant (D:12)
302 creatures vanquished.

Vanquished Creatures (collateral kills)
  An orc wizard (D:6)
  3 gnolls (D:5)
4 creatures vanquished.

Vanquished Creatures (others)
  An ogre (D:5)
  2 giant frogs
  A gnoll shaman (D:5)
  An adder zombie (D:6)
  A bush (D:3)
  6 fungi (D:8)
  7 plants
19 creatures vanquished.

Grand Total: 325 creatures vanquished

Notes
Turn   | Place    | Note
-------+----------+-------------------------------------------
     0 | D:1      | 4thArraOfDagon the Mummy Arcane Marksman began the quest for the Orb.
     0 | D:1      | Reached XP level 1. HP: 15/15 MP: 2/2
    97 | D:1      | Reached XP level 2. HP: 15/21 MP: 3/3
   286 | D:3      | Noticed Robin
   365 | D:2      | Reached XP level 3. HP: 24/26 MP: 4/4
   486 | D:3      | Reached XP level 4. HP: 32/32 MP: 5/5
   571 | D:3      | Noticed Ijyb
   578 | D:3      | Killed Ijyb
   827 | D:3      | Noticed Terence
   833 | D:3      | Killed Terence
   833 | D:3      | Reached XP level 5. HP: 36/37 MP: 6/6
  1100 | D:4      | Reached skill level 5 in Crossbows
  1151 | D:5      | Entered Level 5 of the Dungeon
  1305 | D:5      | Learned a level 2 spell: Slow
  1327 | D:5      | Reached XP level 6. HP: 25/44 MP: 3/7
  1351 | D:5      | Reached skill level 2 in Fighting
  1368 | D:5      | Reached skill level 3 in Fighting
  1400 | D:5      | Noticed Duvessa
  1400 | D:5      | Noticed Dowan
  1637 | D:4      | You fall through a shaft for 2 floors!
  1642 | D:6      | Noticed a sky beast
  1663 | D:6      | Reached skill level 4 in Fighting
  1663 | D:6      | Reached XP level 7. HP: 34/55 MP: 5/8
  1681 | D:6      | Reached skill level 5 in Fighting
  1823 | D:6      | Noticed Prince Ribbit
  1865 | D:6      | Found Taoffuv's Armour Shoppe.
  1985 | D:6      | Killed an orc warrior
  1985 | D:6      | Reached skill level 6 in Fighting
  2089 | D:6      | Reached skill level 7 in Fighting
  2089 | D:6      | Reached XP level 8. HP: 27/67 MP: 6/9
  2273 | D:7      | Found an ancient bone altar of Kikubaaqudgha.
  2354 | D:7      | Reached skill level 8 in Fighting
  2558 | D:7      | Found a white marble altar of Elyvilon.
  2681 | D:7      | Reached skill level 9 in Fighting
  3072 | D:5      | Reached skill level 10 in Fighting
  3377 | D:7      | Reached skill level 1 in Armour
  3377 | D:7      | Reached XP level 9. HP: 68/78 MP: 10/10
  3714 | D:6      | Killed Prince Ribbit
  4218 | D:5      | Found a staircase to the Ecumenical Temple.
  4233 | Temple   | Entered the Ecumenical Temple
  4268 | Temple   | Became a worshipper of Gozag Ym Sagoz the Greedy
  4890 | D:3      | Killed Robin
  5516 | D:1      | Reached skill level 5 in Armour
  6131 | D:5      | Killed Duvessa
  6136 | D:5      | Killed Dowan
  6843 | D:8      | Found a staircase to the Lair.
  6992 | D:8      | Reached XP level 10. HP: 61/85 MP: 11/11
  7256 | D:8      | Found a blossoming altar of Fedhas.
  7589 | D:8      | Bought a polished battleaxe for 356 gold pieces
  7589 | D:8      | Identified the +6 battleaxe of Accord {vamp, Str+3} (You bought it in a shop on level 8 of the Dungeon)
  7704 | D:8      | Reached skill level 1 in Axes
  7983 | D:9      | Found Lezierch's Assorted Antiques.
  8037 | D:9      | Bought a scroll of identify for 66 gold pieces
  8037 | D:9      | Bought a scroll of identify for 66 gold pieces
  8254 | D:10     | Entered Level 10 of the Dungeon
  8462 | D:10     | Learned a level 2 spell: Blink
  8465 | D:10     | Learned a level 2 spell: Repel Missiles
  8465 | D:10     | Reached skill level 5 in Axes
  8548 | D:10     | Noticed a hill giant
  8556 | D:10     | Killed a hill giant
  8556 | D:10     | Reached skill level 1 in Charms
  8556 | D:10     | Reached skill level 1 in Translocations
  8610 | D:10     | Noticed Fannar
  8829 | D:11     | Reached XP level 11. HP: 89/90 MP: 12/12
  8854 | D:11     | Noticed a purple ugly thing
  8871 | D:11     | Noticed a hill giant
  8908 | D:11     | Found a labyrinth entrance.
  8918 | Lab      | Entered a labyrinth
  9220 | Lab      | Noticed a minotaur
  9238 | Lab      | Got a dazzling war axe
  9238 | Lab      | Identified the Grimoire of Darkness (You found it in a labyrinth)
  9283 | D:9      | Identified the +6 war axe of Accidental Termination {freeze, rPois Str+9 Int-2} (You found it in a labyrinth)
  9331 | D:10     | Killed a purple ugly thing
  9491 | D:11     | Found a staircase to the Orcish Mines.
  9613 | D:13     | Noticed a centaur warrior
  9621 | D:12     | Killed a centaur warrior
  9823 | D:12     | Noticed a hill giant
  9917 | D:11     | Noticed a seven-headed hydra
  9954 | D:11     | Identified the Handbook of the Rocks and Enhancements
  9968 | D:11     | Learned a level 2 spell: Passwall
 10039 | D:12     | Noticed a cyan ugly thing
 10197 | D:11     | Killed an unseen horror
 10226 | D:11     | Killed a hill giant
 10236 | D:11     | Got a dull robe
 10253 | D:11     | Identified the +0 robe "Buclaot" {*Confuse rElec rC+ Slay+3} (You found it on level 11 of the Dungeon)
 10618 | Orc:1    | Entered Level 1 of the Orcish Mines
 10618 | Orc:1    | Noticed Urug
 10631 | D:11     | Slain by Urug

Vault maps used:
D:1:      dpeg_arrival_circle_labyrinth_c, minmay_misc_feat_cross
D:3:      serial_forest, infiniplex_forest_end_double,
          infiniplex_forest_lined_1, infiniplex_forest_zigzag_1,
          infiniplex_forest_straight_3, infiniplex_forest_lined_2,
          infiniplex_forest_lined_4_way, infiniplex_forest_lined_2,
          infiniplex_forest_clump_double, uniq_terence, uniq_robin, uniq_iyjb
D:4:      black_bear_nest_2
D:5:      first_bread, uniq_duvessa
D:6:      serial_shops, shop, grunt_ministairs_4, uniq_prince_ribbit1
D:7:      kennysheep_mini, basic_altar
D:8:      due_lair_maze_entry_diamond, fedhas_altar_4
D:9:      serial_shops, nicolae_shop_trees
D:10:     uniq_fannar
D:11:     orc_0_dummy, lab_entry_generic
D:12:     serial_shops, nicolae_shop_window_shopping, grunt_tengu_nest
D:13:     erik_vaults_2, lemuel_statue_altar
Temple:   kilobyte_greek_temple
Orc:1:    uniq_urug
Lab:      labyrinth_hidden_loot, nicolae_lab_do_over, nicolae_lab_diamond,
          nicolae_lab_starburst, nicolae_lab_dead_end, nicolae_lab_stuck

Skill      XL: |  1  2  3  4  5  6  7  8  9 10 11 |
---------------+----------------------------------+-----
Crossbows      | 2 3 4 5 |  5.1
Fighting       | 4 7 10 | 10.0
Armour         | 1 7 8 |  8.4
Axes           | 5 6 |  6.9
Charms         | 1 2 |  2.2
Translocations | 1 4 |  4.2
Spellcasting   | 3 |  3.2
Dodging        | |  1.5
Hexes          | |  2.6

Action                   |  1- 3 |  4- 6 |  7- 9 | 10-12 || total
-------------------------+-------+-------+-------+-------++-------
Melee: Mace              |       |    13 |       |       ||    13
       Trident           |       |    11 |   206 |       ||   217
       Dagger            |       |       |   144 |    73 ||   217
       Battleaxe         |       |       |       |   232 ||   232
       War axe           |       |       |       |     4 ||     4
 Fire: Hand crossbow     |    71 |    89 |   124 |     3 ||   287
 Cast: Repel Missiles    |       |       |       |     2 ||     2
Invok: Call Merchant     |       |       |       |     1 ||     1
Evoke: Wand              |       |       |    14 |    49 ||    63
  Use: Scroll            |       |     4 |     7 |    11 ||    22
 Stab: Confused          |       |       |     1 |     1 ||     2
       Paralysed         |       |       |       |     2 ||     2
       Distracted        |       |       |       |     1 ||     1
Armor: Robe              |     4 |       |       |       ||     4
       Ring mail         |    33 |    44 |   211 |   264 ||   552
Dodge: Dodged            |    52 |    67 |   209 |   274 ||   602
       Deflected         |       |       |       |     4 ||     4
